Match 42235976
Unlisted

Match 42235976
End
Kradschützen Motorcycle Team
Panzergrenadier Squad
Selects Armored Support Battlegroup
Panzergrenadier Squad
Construct Light Support Kompanie
Selects Veteran Gunners
MG34 Team
Fire Support Elements
Assault Grenadier Squad
250 Light Carrier
Flakvierling Half-track
Pak 38 Anti-tank Gun Team
2.5-tonne Medical Truck
Selects Flammpanzer III Medium Tank
Flammpanzer III Medium Tank
Panzergrenadier Squad
Panzerpioneer Squad
Construct Panzerarmee Kommand
MG34 Team
Panzer III L Medium Tank
Pak 38 Mechanized Group
Selects Command Panzer IV F Medium Tank
Selects Salvage Kits
Walking Stuka Rocket Launcher
2.5-tonne Medical Truck
BIOHAZARD
Tootoone88
0
0

Comments sign in to comment!

No comments posted yet!